[ AOE2 MATCH · #481365801 ]
Team RMBurmese vs Dravidians
[ REPLAY ANALYSIS · EXTRACTED FROM THE RECORDED GAME ]
Feudal
12:54
Castle
23:33
Imperial
42:52
| APM avg | 17.1 |
| APM peak | 40 |
| eAPM avg | 12.4 |
| Villagers / military | 101 / 113 |
Focus
⚔️ 26.1% · 🌾 73.9%
Arambai ×52 · Archer ×22 · Battering Ram ×14 · Battle Elephant ×10 · Militia ×8 · Fishing Ship ×7
Feudal
—
Castle
—
Imperial
—
| APM avg | 33.0 |
| APM peak | 91 |
| eAPM avg | 15.8 |
| Villagers / military | 139 / 239 |
Focus
⚔️ 28.3% · 🌾 71.7%
Camel Archer ×234 · Trebuchet (Packed) ×3 · Mangonel ×1 · Monk ×1
Feudal
14:45
Castle
20:31
Imperial
34:34
| APM avg | 25.1 |
| APM peak | 74 |
| eAPM avg | 13.0 |
| Villagers / military | 85 / 61 |
Focus
⚔️ 24.7% · 🌾 75.3%
Knight ×38 · Berserk ×22 · Fishing Ship ×5 · Monk ×1
Feudal
13:59
Castle
21:30
Imperial
34:04
| APM avg | 43.5 |
| APM peak | 99 |
| eAPM avg | 22.5 |
| Villagers / military | 139 / 136 |
Focus
⚔️ 30.2% · 🌾 69.8%
Elephant Archer ×121 · Bombard Cannon ×10 · Militia ×2 · Scorpion ×2 · Hand Cannoneer ×1
Match map
Resources at game start + every placement click. Thick line = wall · dashed box = detected house wall. 🟡 gold · ⚪ stone · 🟢 berries · 🔶 boar · ⭕ relic
Inputs per minute
— Lord Bendtner - - fingerless7597
Build order — Lord Bendtner
First 150 of 212 actions detected
| 0:03 | Create | Villager (Male) ×4 |
| 0:05 | Build | House |
| 0:07 | Build | House |
| 1:46 | Create | Villager (Male) |
| 2:13 | Create | Villager (Male) ×2 |
| 2:56 | Create | Villager (Male) |
| 3:27 | Create | Villager (Male) ×2 |
| 3:54 | Create | Villager (Male) |
| 3:58 | Build | House |
| 4:04 | Research | Loom |
| 4:18 | Create | Villager (Male) |
| 4:47 | Create | Villager (Male) ×2 |
| 5:21 | Create | Villager (Male) |
| 5:21 | Create | Villager (Male) |
| 5:21 | Create | Villager (Male) |
| 5:36 | Build | Lumber Camp |
| 6:13 | Create | Villager (Male) |
| 6:34 | Build | House |
| 7:00 | Build | Mill |
| 7:37 | Create | Villager (Male) |
| 7:48 | Create | Villager (Male) ×5 |
| 8:06 | Build | Dock |
| 8:13 | Build | Mining Camp |
| 8:34 | Build | House |
| 8:57 | Create | Fishing Ship |
| 9:04 | Build | House |
| 9:39 | Create | Fishing Ship |
| 9:39 | Create | Fishing Ship |
| 10:45 | Research | Feudal Age |
| 10:54 | Build | Barracks |
| 11:19 | Create | Fishing Ship |
| 11:40 | Create | Fishing Ship |
| 11:57 | Create | Militia |
| 12:14 | Create | Militia ×2 |
| 12:17 | Create | Militia ×2 |
| 12:19 | Create | Militia |
| 12:35 | Create | Militia ×2 |
| 12:38 | Build | House |
| 12:49 | Create | Villager (Male) |
| 12:54 | Age | Feudal Age |
| 13:05 | Build | House |
| 13:48 | Build | Archery Range |
| 13:51 | Create | Villager (Male) |
| 14:01 | Build | Blacksmith |
| 14:04 | Research | Man-at-Arms (upgrade) |
| 14:05 | Research | Arson |
| 14:25 | Create | Villager (Male) ×4 |
| 14:56 | Create | Archer ×4 |
| 15:19 | Build | House |
| 15:21 | Build | House |
| 15:31 | Create | Villager (Male) |
| 15:35 | Create | Archer ×2 |
| 15:49 | Research | Forging |
| 15:53 | Build | Farm |
| 15:55 | Build | Farm |
| 15:55 | Build | Farm |
| 15:57 | Build | Farm |
| 15:58 | Build | Farm |
| 16:02 | Build | Farm |
| 16:03 | Build | Farm |
| 16:04 | Build | Farm |
| 16:05 | Build | Farm |
| 16:07 | Build | Farm |
| 16:11 | Create | Villager (Male) ×5 |
| 16:57 | Research | Fletching |
| 17:00 | Build | House |
| 17:01 | Build | House |
| 17:05 | Build | Farm |
| 17:08 | Build | Fish Trap |
| 17:33 | Research | Gold Mining |
| 19:01 | Build | House |
| 19:02 | Build | House |
| 19:03 | Build | House |
| 19:05 | Build | Fish Trap |
| 19:07 | Build | Fish Trap |
| 19:08 | Build | Fish Trap |
| 19:10 | Build | Fish Trap |
| 19:11 | Research | Tech 906 |
| 20:04 | Build | Stable |
| 20:08 | Create | Archer ×5 |
| 20:16 | Create | Fishing Ship |
| 20:19 | Create | Fishing Ship |
| 20:53 | Research | Castle Age |
| 21:21 | Build | Mining Camp |
| 21:31 | Research | Bloodlines |
| 21:40 | Research | Stone Mining |
| 21:43 | Research | Horse Collar |
| 21:51 | Build | Fish Trap |
| 21:53 | Build | Fish Trap |
| 23:29 | Research | Wheelbarrow |
| 23:33 | Age | Castle Age |
| 23:39 | Build | Town Center |
| 23:50 | Build | Siege Workshop |
| 24:01 | Research | Crossbowman (upgrade) |
| 24:03 | Research | Bodkin Arrow |
| 24:05 | Research | Long Swordsman (upgrade) |
| 24:06 | Research | Gambesons |
| 24:16 | Create | Villager (Male) |
| 24:28 | Create | Villager (Male) ×2 |
| 24:32 | Create | Villager (Male) |
| 24:44 | Create | Villager (Male) |
| 25:03 | Create | Villager (Male) |
| 25:45 | Create | Villager (Male) ×5 |
| 25:54 | Create | Battering Ram |
| 26:22 | Build | Town Center |
| 26:27 | Build | House |
| 26:29 | Build | House |
| 26:38 | Create | Villager (Male) ×5 |
| 26:40 | Create | Villager (Male) ×2 |
| 26:45 | Create | Battering Ram |
| 26:52 | Create | Battering Ram |
| 27:03 | Research | Heavy Plow |
| 27:16 | Build | Town Center |
| 27:20 | Create | Villager (Male) |
| 27:34 | Create | Battering Ram |
| 27:43 | Create | Scorpion |
| 27:51 | Create | Scorpion |
| 27:57 | Create | Villager (Male) |
| 27:57 | Create | Villager (Male) |
| 28:08 | Create | Battering Ram |
| 28:14 | Build | Farm |
| 28:31 | Create | Villager (Male) ×5 |
| 28:35 | Create | Villager (Male) ×3 |
| 28:42 | Build | House |
| 28:43 | Build | House |
| 28:58 | Research | Iron Casting |
| 29:07 | Build | Farm |
| 29:08 | Build | Farm |
| 29:12 | Build | Farm |
| 29:46 | Create | Battering Ram ×3 |
| 30:25 | Create | Battle Elephant ×5 |
| 31:10 | Build | Farm |
| 31:11 | Build | Farm |
| 31:16 | Build | Mill |
| 31:24 | Research | Scale Barding Armor |
| 31:32 | Build | Farm |
| 31:40 | Build | Farm |
| 31:42 | Research | Scale Mail Armor |
| 31:44 | Create | Villager (Male) ×5 |
| 31:46 | Create | Villager (Male) ×4 |
| 31:55 | Build | Farm |
| 32:22 | Create | Scorpion ×5 |
| 32:47 | Create | Battle Elephant ×5 |
| 32:51 | Create | Archer ×3 |
| 32:51 | Create | Archer ×3 |
| 32:56 | Build | House |
| 32:56 | Build | House |
| 32:57 | Build | House |
| 32:58 | Build | House |
| 33:08 | Build | Castle |
Build order — fingerless7597
First 150 of 322 actions detected
| 0:00 | Create | Villager (Male) ×4 |
| 0:02 | Build | House |
| 0:03 | Build | House |
| 0:19 | Research | Loom |
| 0:20 | Create | Villager (Male) ×3 |
| 1:53 | Build | Building 800 |
| 2:00 | Create | Villager (Male) |
| 2:00 | Create | Villager (Male) |
| 2:20 | Build | House |
| 2:29 | Build | Palisade Wall |
| 2:34 | Build | House |
| 3:01 | Create | Villager (Male) |
| 3:01 | Create | Villager (Male) |
| 3:21 | Create | Villager (Male) |
| 3:21 | Create | Villager (Male) |
| 4:01 | Build | Lumber Camp |
| 4:07 | Create | Villager (Male) |
| 4:07 | Create | Villager (Male) |
| 4:23 | Create | Villager (Male) |
| 4:49 | Create | Villager (Male) |
| 4:49 | Create | Villager (Male) |
| 5:21 | Build | House |
| 5:45 | Create | Villager (Male) |
| 5:45 | Create | Villager (Male) |
| 6:18 | Create | Villager (Male) |
| 6:18 | Create | Villager (Male) |
| 6:27 | Create | Villager (Male) |
| 6:30 | Build | House |
| 6:37 | Create | Villager (Male) |
| 7:12 | Build | Mill |
| 7:15 | Build | Mill |
| 7:31 | Create | Villager (Male) ×5 |
| 8:02 | Create | Villager (Male) |
| 8:02 | Create | Villager (Male) |
| 8:15 | Build | House |
| 8:54 | Build | Mining Camp |
| 9:59 | Research | Feudal Age |
| 11:38 | Create | Villager (Male) |
| 11:39 | Create | Villager (Male) |
| 12:41 | Build | Market |
| 12:45 | Build | Blacksmith |
| 13:08 | Create | Villager (Male) |
| 13:38 | Research | Castle Age |
| 14:06 | Research | Double-Bit Axe |
| 14:48 | Build | Palisade Wall |
| 14:57 | Build | Palisade Wall |
| 15:11 | Research | Horse Collar |
| 15:39 | Research | Wheelbarrow |
| 16:06 | Build | Building 490 |
| 16:08 | Build | Stone Wall |
| 16:09 | Build | Stone Wall |
| 16:32 | Build | Town Center |
| 16:43 | Research | Bow Saw |
| 16:47 | Create | Villager (Male) |
| 16:58 | Build | Stone Wall |
| 17:24 | Research | Heavy Plow |
| 17:42 | Create | Villager (Male) ×2 |
| 18:01 | Build | House |
| 18:03 | Build | House |
| 18:15 | Create | Villager (Male) |
| 18:16 | Create | Villager (Male) |
| 18:24 | Build | Stone Wall |
| 18:41 | Build | Town Center |
| 18:44 | Create | Villager (Male) |
| 18:54 | Build | Farm |
| 18:54 | Build | Farm |
| 18:54 | Build | Farm |
| 18:55 | Build | Farm |
| 18:55 | Build | Farm |
| 18:58 | Build | Farm |
| 19:00 | Create | Villager (Male) |
| 19:05 | Build | Farm |
| 19:05 | Build | Farm |
| 19:05 | Build | Farm |
| 19:06 | Build | Farm |
| 19:30 | Create | Villager (Male) |
| 19:47 | Create | Villager (Male) |
| 19:56 | Build | House |
| 19:58 | Build | House |
| 20:00 | Create | Villager (Male) |
| 20:16 | Create | Villager (Male) ×2 |
| 20:39 | Create | Villager (Male) ×2 |
| 20:50 | Build | Farm |
| 20:53 | Create | Villager (Male) ×2 |
| 20:58 | Build | Farm |
| 20:58 | Build | Farm |
| 21:02 | Build | Farm |
| 21:02 | Build | Farm |
| 21:02 | Build | Farm |
| 21:13 | Build | House |
| 21:14 | Build | House |
| 21:17 | Build | Mining Camp |
| 21:19 | Create | Villager (Male) ×2 |
| 21:43 | Build | Farm |
| 21:44 | Build | Farm |
| 21:49 | Create | Villager (Male) ×3 |
| 22:02 | Build | Outpost |
| 22:07 | Build | Outpost |
| 22:09 | Create | Villager (Male) |
| 22:18 | Build | Town Center |
| 22:20 | Create | Villager (Male) |
| 22:26 | Build | Farm |
| 22:26 | Build | Farm |
| 22:27 | Build | Farm |
| 22:29 | Create | Villager (Male) ×2 |
| 22:46 | Research | Stone Mining |
| 22:48 | Create | Villager (Male) |
| 23:00 | Create | Villager (Male) |
| 23:25 | Create | Villager (Male) |
| 23:25 | Create | Villager (Male) |
| 23:35 | Build | House |
| 23:36 | Build | House |
| 23:37 | Build | House |
| 23:38 | Build | House |
| 23:41 | Create | Villager (Male) ×3 |
| 23:52 | Research | Gold Mining |
| 23:55 | Research | Town Watch |
| 23:55 | Create | Villager (Male) |
| 24:01 | Build | Mill |
| 24:02 | Build | Farm |
| 24:03 | Build | Farm |
| 24:03 | Build | Farm |
| 24:03 | Build | Farm |
| 24:03 | Build | Farm |
| 24:04 | Build | Farm |
| 24:04 | Build | Farm |
| 24:04 | Build | Farm |
| 24:17 | Build | Farm |
| 24:18 | Build | Farm |
| 24:20 | Build | Farm |
| 24:30 | Create | Villager (Male) ×5 |
| 24:46 | Create | Villager (Male) |
| 24:54 | Build | Farm |
| 24:55 | Build | Farm |
| 24:56 | Build | Farm |
| 24:57 | Build | Farm |
| 25:05 | Create | Villager (Male) ×4 |
| 25:18 | Build | House |
| 25:18 | Build | House |
| 25:19 | Build | House |
| 25:20 | Build | House |
| 25:27 | Create | Villager (Male) ×3 |
| 25:40 | Build | Siege Workshop |
| 25:42 | Create | Villager (Male) ×4 |
| 25:51 | Build | Castle |
| 25:59 | Create | Villager (Male) |
| 26:03 | Build | Barracks |
| 26:12 | Build | House |
| 26:13 | Build | House |
| 26:13 | Build | House |
Build order — olais
First 150 of 270 actions detected
| 0:03 | Research | Loom |
| 0:06 | Build | House |
| 0:08 | Create | Villager (Male) ×4 |
| 0:09 | Create | Villager (Male) ×4 |
| 0:55 | Build | Palisade Wall |
| 1:54 | Create | Villager (Male) |
| 1:54 | Create | Villager (Male) |
| 2:19 | Build | House |
| 2:37 | Create | Villager (Male) |
| 2:56 | Build | Palisade Wall |
| 3:01 | Create | Villager (Male) |
| 3:25 | Build | Palisade Wall |
| 3:30 | Create | Villager (Male) |
| 3:30 | Create | Villager (Male) |
| 3:55 | Build | Palisade Wall |
| 3:58 | Create | Villager (Male) |
| 3:58 | Create | Villager (Male) |
| 4:18 | Create | Villager (Male) |
| 4:18 | Create | Villager (Male) |
| 4:19 | Create | Villager (Male) |
| 4:36 | Build | House |
| 4:52 | Create | Villager (Male) |
| 4:52 | Create | Villager (Male) |
| 5:26 | Build | House |
| 5:28 | Build | House |
| 5:42 | Create | Villager (Male) |
| 5:42 | Create | Villager (Male) |
| 6:28 | Create | Villager (Male) |
| 6:29 | Create | Villager (Male) |
| 6:39 | Build | House |
| 6:42 | Build | House |
| 6:45 | Build | House |
| 6:49 | Create | Villager (Male) |
| 7:13 | Create | Villager (Male) |
| 7:13 | Create | Villager (Male) |
| 7:14 | Create | Villager (Male) |
| 7:14 | Create | Villager (Male) |
| 7:14 | Create | Villager (Male) |
| 7:44 | Build | Mill |
| 8:00 | Build | Lumber Camp |
| 9:13 | Create | Villager (Male) |
| 9:13 | Create | Villager (Male) |
| 9:14 | Create | Villager (Male) |
| 9:28 | Build | Lumber Camp |
| 9:42 | Build | Mill |
| 10:07 | Build | Mining Camp |
| 10:43 | Create | Villager (Male) |
| 10:45 | Build | Mining Camp |
| 11:14 | Build | Dock |
| 11:25 | Create | Villager (Male) |
| 11:50 | Create | Villager (Male) |
| 12:35 | Research | Feudal Age |
| 12:43 | Create | Fishing Ship |
| 12:45 | Create | Fishing Ship |
| 12:49 | Create | Fishing Ship |
| 13:07 | Create | Fishing Ship |
| 13:57 | Create | Villager (Male) |
| 13:57 | Create | Villager (Male) |
| 14:45 | Age | Feudal Age |
| 14:47 | Build | Market |
| 14:54 | Build | Blacksmith |
| 15:11 | Build | Stone Wall |
| 15:20 | Build | Stone Wall |
| 15:46 | Build | Stone Wall |
| 17:15 | Build | Stone Wall |
| 17:19 | Build | Watch Tower |
| 17:37 | Build | Mill |
| 17:51 | Research | Castle Age |
| 18:02 | Build | Stone Wall |
| 18:45 | Build | Barracks |
| 18:54 | Create | Fishing Ship |
| 19:04 | Build | Watch Tower |
| 19:27 | Research | Fletching |
| 19:44 | Build | House |
| 19:45 | Build | House |
| 19:48 | Build | Farm |
| 19:49 | Build | Farm |
| 19:50 | Build | Farm |
| 19:52 | Build | Farm |
| 19:55 | Build | Farm |
| 20:15 | Build | Stable |
| 20:31 | Age | Castle Age |
| 20:40 | Build | Castle |
| 20:46 | Build | House |
| 20:47 | Build | House |
| 20:49 | Create | Villager (Male) |
| 20:50 | Create | Villager (Male) |
| 20:57 | Build | Farm |
| 20:59 | Build | Farm |
| 21:00 | Research | Horse Collar |
| 21:03 | Create | Villager (Male) |
| 21:03 | Create | Villager (Male) |
| 21:13 | Build | Fish Trap |
| 21:16 | Build | Fish Trap |
| 21:18 | Build | Fish Trap |
| 21:20 | Build | Fish Trap |
| 21:38 | Create | Villager (Male) |
| 21:49 | Build | Town Center |
| 22:34 | Build | Farm |
| 22:37 | Create | Villager (Male) |
| 22:39 | Create | Villager (Male) |
| 22:57 | Create | Villager (Male) |
| 23:10 | Research | Heavy Plow |
| 23:13 | Research | Double-Bit Axe |
| 23:16 | Research | Stone Mining |
| 23:33 | Create | Villager (Male) |
| 23:34 | Create | Villager (Male) |
| 23:36 | Build | Farm |
| 23:37 | Build | Farm |
| 23:40 | Build | Farm |
| 23:51 | Build | Fish Trap |
| 23:59 | Create | Berserk ×4 |
| 24:03 | Create | Villager (Male) |
| 24:05 | Build | Farm |
| 24:11 | Create | Villager (Male) |
| 24:26 | Create | Berserk |
| 24:33 | Create | Berserk |
| 24:37 | Research | Scale Mail Armor |
| 24:49 | Build | Farm |
| 25:02 | Create | Villager (Male) |
| 25:04 | Build | Farm |
| 25:08 | Create | Villager (Male) |
| 25:08 | Create | Villager (Male) |
| 25:11 | Build | Farm |
| 25:12 | Build | Farm |
| 25:16 | Create | Berserk |
| 25:26 | Research | Tech 906 |
| 25:39 | Build | Farm |
| 26:16 | Build | Monastery |
| 26:19 | Create | Villager (Male) |
| 26:24 | Create | Villager (Male) |
| 26:24 | Create | Villager (Male) |
| 26:25 | Create | Villager (Male) |
| 26:27 | Create | Villager (Male) |
| 26:29 | Create | Berserk |
| 26:29 | Create | Berserk |
| 26:29 | Create | Berserk |
| 26:29 | Create | Berserk |
| 26:30 | Create | Berserk |
| 26:30 | Create | Berserk |
| 26:44 | Build | House |
| 26:45 | Build | House |
| 26:46 | Build | House |
| 26:53 | Create | Villager (Male) |
| 26:55 | Create | Villager (Male) |
| 26:55 | Create | Villager (Male) |
| 27:10 | Build | Farm |
| 27:11 | Build | Farm |
| 27:19 | Research | Forging |
| 27:21 | Create | Monk |
Build order — Lurker
First 150 of 477 actions detected
| 0:05 | Build | House |
| 0:06 | Build | House |
| 0:08 | Create | Villager (Male) |
| 0:08 | Create | Villager (Male) |
| 0:11 | Create | Villager (Male) |
| 0:11 | Create | Villager (Male) |
| 0:11 | Create | Villager (Male) |
| 1:42 | Create | Villager (Male) |
| 1:42 | Create | Villager (Male) |
| 2:17 | Create | Villager (Male) |
| 2:17 | Create | Villager (Male) |
| 2:20 | Build | Lumber Camp |
| 3:00 | Create | Villager (Male) |
| 3:01 | Create | Villager (Male) |
| 3:01 | Create | Villager (Male) |
| 3:53 | Create | Villager (Male) |
| 3:53 | Create | Villager (Male) |
| 3:53 | Create | Villager (Male) |
| 3:54 | Create | Villager (Male) |
| 3:54 | Create | Villager (Male) |
| 4:04 | Build | House |
| 4:20 | Build | Palisade Wall |
| 4:29 | Build | Palisade Wall |
| 4:36 | Build | House |
| 4:47 | Build | House |
| 4:52 | Create | Villager (Male) |
| 4:52 | Create | Villager (Male) |
| 5:15 | Create | Villager (Male) |
| 5:16 | Create | Villager (Male) |
| 5:16 | Create | Villager (Male) |
| 5:16 | Create | Villager (Male) |
| 5:16 | Create | Villager (Male) |
| 5:22 | Build | Palisade Gate |
| 5:29 | Build | House |
| 5:30 | Build | House |
| 5:58 | Create | Villager (Male) |
| 5:58 | Create | Villager (Male) |
| 6:18 | Research | Loom |
| 6:28 | Build | Mill |
| 6:47 | Create | Villager (Male) |
| 7:13 | Build | Palisade Wall |
| 7:20 | Build | House |
| 7:31 | Create | Villager (Male) |
| 7:31 | Create | Villager (Male) |
| 7:37 | Build | House |
| 7:47 | Build | House |
| 8:07 | Build | Farm |
| 8:09 | Build | Farm |
| 8:11 | Build | Farm |
| 8:24 | Create | Villager (Male) |
| 8:25 | Build | Farm |
| 8:28 | Build | Farm |
| 8:52 | Build | Palisade Wall |
| 8:54 | Build | Palisade Wall |
| 8:54 | Build | Palisade Wall |
| 8:55 | Build | Palisade Wall |
| 8:57 | Build | Palisade Wall |
| 8:58 | Build | Palisade Wall |
| 9:04 | Create | Villager (Male) |
| 9:05 | Build | Farm |
| 9:09 | Build | House |
| 9:15 | Build | Farm |
| 9:17 | Build | Farm |
| 9:25 | Build | Palisade Wall |
| 9:26 | Build | Palisade Wall |
| 9:27 | Build | Palisade Wall |
| 10:04 | Build | Farm |
| 10:06 | Create | Villager (Male) |
| 10:21 | Create | Villager (Male) |
| 10:21 | Create | Villager (Male) |
| 10:30 | Build | Farm |
| 10:34 | Build | Palisade Wall |
| 10:37 | Build | Palisade Wall |
| 10:47 | Build | House |
| 10:58 | Build | House |
| 11:04 | Build | House |
| 11:07 | Build | Palisade Wall |
| 11:09 | Build | Palisade Wall |
| 11:13 | Build | Palisade Wall |
| 11:14 | Build | Palisade Wall |
| 11:18 | Create | Villager (Male) |
| 11:18 | Create | Villager (Male) |
| 11:29 | Build | Palisade Wall |
| 11:45 | Research | Feudal Age |
| 11:46 | Research | Feudal Age |
| 11:49 | Research | Feudal Age |
| 12:23 | Build | House |
| 12:36 | Build | House |
| 12:40 | Build | House |
| 13:08 | Build | Lumber Camp |
| 13:21 | Build | Palisade Wall |
| 13:24 | Build | Palisade Wall |
| 13:38 | Build | Barracks |
| 13:41 | Build | House |
| 13:54 | Build | House |
| 13:59 | Age | Feudal Age |
| 14:15 | Build | House |
| 14:29 | Create | Villager (Male) |
| 14:29 | Create | Villager (Male) |
| 14:29 | Create | Villager (Male) |
| 14:40 | Build | Stable |
| 14:46 | Build | Barracks |
| 14:49 | Research | Man-at-Arms (upgrade) |
| 14:55 | Build | Lumber Camp |
| 14:57 | Build | House |
| 15:00 | Build | House |
| 15:15 | Research | Wheelbarrow |
| 15:15 | Research | Wheelbarrow |
| 15:26 | Build | Farm |
| 15:29 | Research | Double-Bit Axe |
| 15:29 | Research | Double-Bit Axe |
| 16:14 | Build | Mining Camp |
| 16:18 | Create | Militia |
| 16:18 | Create | Militia |
| 16:51 | Build | Stone Wall |
| 16:56 | Build | Stone Wall |
| 17:06 | Create | Villager (Male) |
| 17:06 | Create | Villager (Male) |
| 17:07 | Create | Villager (Male) |
| 17:15 | Build | Market |
| 17:53 | Build | Dock |
| 18:06 | Build | Blacksmith |
| 18:14 | Create | Villager (Male) |
| 18:23 | Build | Palisade Wall |
| 18:28 | Build | Stone Wall |
| 18:50 | Research | Castle Age |
| 18:50 | Research | Castle Age |
| 20:38 | Research | Horse Collar |
| 20:41 | Create | Villager (Male) |
| 20:42 | Create | Villager (Male) |
| 21:30 | Age | Castle Age |
| 21:31 | Build | Town Center |
| 21:34 | Build | Town Center |
| 21:37 | Build | Town Center |
| 21:45 | Research | Bow Saw |
| 22:28 | Create | Villager (Male) |
| 22:28 | Create | Villager (Male) |
| 22:28 | Create | Villager (Male) |
| 22:49 | Create | Villager (Male) |
| 22:49 | Create | Villager (Male) |
| 22:54 | Create | Villager (Male) |
| 22:54 | Create | Villager (Male) |
| 23:00 | Build | Farm |
| 23:06 | Build | Farm |
| 23:07 | Create | Villager (Male) |
| 23:07 | Create | Villager (Male) |
| 23:07 | Create | Villager (Male) |
| 23:12 | Build | Farm |
| 23:16 | Build | Farm |
| 23:21 | Build | Farm |
Match timeline
| 0:55 | olais · wall_segment Palisade Wall x11 |
| 2:29 | fingerless7597 · wall_segment Palisade Wall x3 |
| 2:56 | olais · wall_segment Palisade Wall x1 |
| 3:25 | olais · wall_segment Palisade Wall x1 |
| 3:55 | olais · wall_segment Palisade Wall x5 |
| 4:20 | Lurker · wall_segment Palisade Wall x1 |
| 4:29 | Lurker · wall_segment Palisade Wall x1 |
| 7:13 | Lurker · wall_segment Palisade Wall x1 |
| 8:06 | Lord Bendtner · first_building Dock |
| 8:52 | Lurker · wall_segment Palisade Wall x1 |
| 8:54 | Lurker · wall_segment Palisade Wall x1 |
| 8:54 | Lurker · wall_segment Palisade Wall x1 |
| 8:55 | Lurker · wall_segment Palisade Wall x1 |
| 8:57 | Lurker · wall_segment Palisade Wall x1 |
| 8:58 | Lurker · wall_segment Palisade Wall x1 |
| 9:25 | Lurker · wall_segment Palisade Wall x1 |
| 9:26 | Lurker · wall_segment Palisade Wall x1 |
| 9:27 | Lurker · wall_segment Palisade Wall x1 |
| 10:34 | Lurker · wall_segment Palisade Wall x1 |
| 10:37 | Lurker · wall_segment Palisade Wall x1 |
| 10:54 | Lord Bendtner · first_building Barracks |
| 11:07 | Lurker · wall_segment Palisade Wall x1 |
| 11:09 | Lurker · wall_segment Palisade Wall x1 |
| 11:13 | Lurker · wall_segment Palisade Wall x1 |
| 11:14 | olais · first_building Dock |
| 11:14 | Lurker · wall_segment Palisade Wall x1 |
| 11:29 | Lurker · wall_segment Palisade Wall x7 |
| 12:54 | Lord Bendtner · age_up feudal |
| 13:21 | Lurker · wall_segment Palisade Wall x6 |
| 13:24 | Lurker · wall_segment Palisade Wall x5 |
| 13:37 | fingerless7597 · first_market_sell 100 food |
| 13:38 | Lurker · first_building Barracks |
| 13:48 | Lord Bendtner · first_building Archery Range |
| 13:59 | Lurker · age_up feudal |
| 14:40 | Lurker · first_building Stable |
| 14:45 | olais · age_up feudal |
| 14:48 | fingerless7597 · wall_segment Palisade Wall x9 |
| 14:57 | fingerless7597 · wall_segment Palisade Wall x12 |
| 15:11 | olais · wall_segment Stone Wall x1 |
| 15:20 | olais · wall_segment Stone Wall x8 |
| 15:46 | olais · wall_segment Stone Wall x18 |
| 16:08 | fingerless7597 · wall_segment Stone Wall x4 |
| 16:09 | fingerless7597 · wall_segment Stone Wall x6 |
| 16:51 | Lurker · wall_segment Stone Wall x6 |
| 16:56 | Lurker · wall_segment Stone Wall x2 |
| 16:58 | fingerless7597 · wall_segment Stone Wall x10 |
| 17:15 | olais · wall_segment Stone Wall x1 |
| 17:34 | fingerless7597 · first_market_buy 100 food |
| 17:53 | Lurker · first_building Dock |
| 18:02 | olais · wall_segment Stone Wall x1 |
| 18:23 | Lurker · wall_segment Palisade Wall x1 |
| 18:24 | fingerless7597 · wall_segment Stone Wall x7 |
| 18:28 | Lurker · wall_segment Stone Wall x1 |
| 18:45 | olais · first_building Barracks |
| 18:49 | Lurker · first_market_sell 100 food |
| 20:04 | Lord Bendtner · first_building Stable |
| 20:15 | olais · first_building Stable |
| 20:30 | olais · first_market_buy 100 stone |
| 20:31 | olais · age_up castle |
| 20:40 | olais · first_building Castle |
| 21:00 | Lurker · first_market_buy 100 stone |
| 21:30 | Lurker · age_up castle |
| 23:33 | Lord Bendtner · age_up castle |
| 23:50 | Lord Bendtner · first_building Siege Workshop |
| 25:40 | fingerless7597 · first_building Siege Workshop |
| 25:51 | fingerless7597 · first_building Castle |
| 26:03 | fingerless7597 · first_building Barracks |
| 26:16 | olais · first_building Monastery |
| 27:26 | Lurker · first_building Archery Range |
| 28:05 | fingerless7597 · first_building Archery Range |
| 28:14 | fingerless7597 · first_building Stable |
| 28:53 | Lurker · first_building Monastery |
| 29:26 | Lurker · first_building Siege Workshop |
| 29:28 | olais · wall_segment Stone Wall x9 |
| 32:33 | fingerless7597 · first_building Monastery |
| 33:08 | Lord Bendtner · first_building Castle |
| 34:04 | Lurker · age_up imperial |
| 34:34 | olais · age_up imperial |
| 36:02 | olais · wall_segment Stone Wall x7 |
| 36:22 | olais · wall_segment Stone Wall x1 |
| 38:19 | Lurker · wall_segment Stone Wall x1 |
| 38:20 | Lurker · wall_segment Stone Wall x1 |
| 39:21 | olais · first_market_sell 500 wood |
| 42:52 | Lord Bendtner · age_up imperial |
| 43:50 | Lurker · wall_segment Stone Wall x1 |
| 44:10 | Lurker · wall_segment Stone Wall x10 |
| 45:30 | Lurker · wall_segment Stone Wall x1 |
| 46:23 | Lurker · resign |
[ AI ANALYSIS · 1 CREDIT ]
What really happened in this match?
Wolo.gg analyzes every decision: build order, eco, micro, common mistakes by bracket. Personalized analysis on WhatsApp or Discord in 30 seconds.
Civ guide
Burmese
Map guide
Black Forest
Perfil
Lord Bendtner